 Dungeon Crawl Stone Soup version 0.23-a0-650-ga4d50d4 (webtiles) character file.

58 silenth the Twirler (level 3, 0/28 HPs)
             Began as a Demonspawn Gladiator on Jan 2, 2019.
             Slain by a hobgoblin
             ... wielding a +0 club
             ... led by Robin
              (7 damage)
             ... on level 1 of the Dungeon.
             The game lasted 00:04:23 (1003 turns).

silenth the Twirler (Demonspawn Gladiator)          Turns: 1003, Time: 00:04:24

Health: 0/28       AC:  4    Str: 13 (14) XL:     3   Next: 75%
Magic:  3/3        EV: 12    Int:  7 (9)  God:
Gold:   27         SH:  0    Dex: 13 (15) Spells: 2/2 levels left

rFire    + . .     SeeInvis .   a - +0 quarterstaff
rCold    . . .     Gourm    .   (shield currently unavailable)
rNeg     . . .     Faith    .   b - +0 leather armour
rPois    .         Spirit   .   c - +0 helmet
rElec    .         Reflect  .   (no cloak)
rCorr    .         Harm     .   (no gloves)
MR       .....                  (no boots)
Stlth    +.........             (no amulet)
HPRegen  0.09/turn              i - ring of protection from fire
MPRegen  0.08/turn              (no ring)

@: no status effects
A: hooves 1
a: no special abilities


You were on level 1 of the Dungeon.
You were not hungry.

You visited 1 branch of the dungeon, and saw 2 of its levels.

You collected 27 gold pieces.

Inventory:

Hand Weapons
 a - a +0 quarterstaff (weapon)
Missiles
 d - 3 throwing nets (quivered)
Armour
 b - a +0 leather armour (worn)
 c - a +0 helmet (worn)
Jewellery
 i - a ring of protection from fire (left hand)
Scrolls
 f - a scroll of blinking {unknown}
 g - a scroll of enchant armour {unknown}
 h - a scroll of fog {unknown}
 j - a scroll of amnesia {unknown}
 k - 4 scrolls of identify {unknown}
 m - a scroll of enchant weapon {unknown}
 n - a scroll of remove curse {unknown}
 p - a scroll of random uselessness {unknown}
Potions
 l - 2 potions of curing {unknown}
Comestibles
 e - 2 rations
 q - a chunk of flesh


   Skills:
 + Level 2.8 Fighting
 * Level 3.7 Staves
 - Level 1.7 Throwing
 - Level 2.6 Dodging
 + Level 0.7 Stealth


You had 2 spell levels left.
You didn't know any spells.
Your spell library was empty.

Dungeon Overview and Level Annotations

Branches:
Dungeon (2/15)

Altars:

Annotations:
D:1 Robin


Innate Abilities, Weirdness & Mutations

You have large cloven feet.


Message History

The hobgoblin closely misses you.
You climb upwards.
There is a stone staircase leading down, spattered with blood here.
Robin hits you with a +0 short sword. The hobgoblin hits you with a +0 club.
Things that are here:
a +0 dagger; a kobold corpse Robin completely misses you.
Robin hits you with a +0 short sword. The hobgoblin hits you with a +0 club.
The hobgoblin hits you with a +0 club. Robin hits you but does no damage.
Robin roars a battlecry!
The hobgoblins go into a battle-frenzy!
You hit the hobgoblin but do no damage. You kick the hobgoblin.
The hobgoblin is severely wounded.
The hobgoblin hits you with a +0 club.
* * * LOW HITPOINT WARNING * * *
It was a potion of degeneration.
There was something very wrong with that liquid.
You feel weakened.
You feel dopey.
You feel clumsy. The hobgoblin hits you with a +0 club!
You die...

...# #......# #...#░▓░▓░▓░
...###...##.#########.8.#▓.....▓
........###.##.>)..##...#░..<..░
...###### #.##)....##...#▓.....▓
...# ######........##.≈.#░.....░
##.###.............##.≈..'.....▓
##.......####>..gg..#.≈.#░.....░
†)####...# #.##g##.#.≈.#▓.....▓
.## ##### #.##@##.#...#░.....░
## #.##.##.....#▓░▓░▓░▓
#.##.######## #.##.# #.##.#
########## #.##.# .........#
#.##.# ########.# #.##.# .....#
#.# #.##.#


You could see Robin and 2 hobgoblins.

Vanquished Creatures
  An ooze (D:1)
  A worm (D:2)
  3 dart slugs (D:1)
  A leopard gecko (D:1)
  7 bats
  A giant cockroach (D:2)
  6 hobgoblins
  4 jackals (D:1)
  A quokka (D:2)
  6 goblins
  6 kobolds
  2 rats
39 creatures vanquished.

Notes
Turn   | Place    | Note
-------+----------+-------------------------------------------
     0 | D:1      | silenth the Demonspawn Gladiator began the quest for the
                  | Orb.
     0 | D:1      | Reached XP level 1. HP: 16/16 MP: 1/1
    95 | D:1      | Reached skill level 3 in Staves
   135 | D:1      | Gained mutation: You have large cloven feet. [demonic
                  | ancestry]
   135 | D:1      | Reached XP level 2. HP: 22/22 MP: 2/2
   192 | D:1      | You fall through a shaft!
   238 | D:2      | Reached XP level 3. HP: 28/28 MP: 3/3
   944 | D:2      | Noticed Robin
  1003 | D:1      | Slain by a hobgoblin

Vault maps used:
D:1:      dpeg_arrival_rooms_c
D:2:      uniq_robin

Skill      XL: |  1 |
---------------+----+-----
Staves         | 3 |  3.7
Fighting       | |  2.8
Throwing       | |  1.7
Dodging        | |  2.6
Stealth        | |  0.7

Action                   || total
-------------------------++-------
Melee: Quarterstaff      ||    94
       Kick              ||    23
  Use: Potion            ||     1
Armor: Leather armour    ||    36
Dodge: Dodged            ||    73

Table legend:
 A = Non-vault XP
 B = Vault XP
 C = Vault XP percentage of total XP
 D = Non-vault monster count
 E = Vault monster count
 F = Vault count percentage of total count
                 A         B        C        D         E       F
            +---------+---------+-------+---------+---------+-------
      Total |      76 |       7 |   8.4 |      35 |       4 |  10.3
            +---------+---------+-------+---------+---------+-------
        D:1 |      51 |       4 |   7.3 |      22 |       2 |   8.3
        D:2 |      25 |       3 |  10.7 |      13 |       2 |  13.3
            +---------+---------+-------+---------+---------+-------
